 Dungeon Crawl Stone Soup version bcrawl-1.21.3 (webtiles) character file.

Game seed: 6240092129466890220

179 MisterOstroum the Skirmisher (level 5, 37/43 HPs)
             Began as a Demonspawn Monk on Mar 25, 2020.
             Quit the game on level 4 of the Dungeon.
             The game lasted 00:03:54 (3288 turns).

MisterOstroum the Skirmisher (Demonspawn Monk)      Turns: 3288, Time: 00:03:55

Health: 37/43      AC:  2    Str: 12    XL:     5   Next: 33%
Magic:  5/7        EV: 13    Int: 11    God:
Gold:   281        SH:  0    Dex: 18    Spells: 4/4 levels left

rFire    . . .     SeeInvis .   a - +0 blowgun
rCold    + . .     Gourm    .   (no shield)
rNeg     . . .     Faith    .   w - +0 robe
rPois    .         Spirit   +   b - +0 hat
rElec    .         Reflect  .   (no cloak)
rCorr    .         Harm     .   (no gloves)
MR       .....                  (no boots)
Stlth    +++++.....             c - amulet of guardian spirit
HPRegen  0.14/turn              o - ring of protection from cold (curse)
MPRegen  0.10/turn              j - ring of stealth

@: no status effects
A: horns 1, thin skeletal structure 1, spiny 1
a: no special abilities


You were on level 4 of the Dungeon.
You were not hungry.

You visited 1 branch of the dungeon, and saw 4 of its levels.

You collected 281 gold pieces.

Inventory:

Hand Weapons
 a - a +0 blowgun (weapon)
Missiles
 d - 109 poisoned needles (quivered)
 g - 628 stones
 h - 50 bolts
 m - 227 sling bullets
 u - 47 needles of frenzy
 v - 590 arrows
Armour
 b - a +0 hat (worn)
 s - a cursed +0 leather armour
 w - a +0 robe (worn)
Jewellery
 c - an amulet of guardian spirit (around neck)
 j - a ring of stealth (right hand)
 k - an uncursed amulet of the gourmand {unknown}
 o - a cursed ring of protection from cold (left hand)
Scrolls
 i - a scroll of teleportation {unknown}
 l - a scroll of remove curse {unknown}
 p - a scroll of fear {!r}
 r - a scroll of fog {unknown}
 x - a scroll of enchant armour {unknown}
 y - a scroll of identify {@r1}
 A - a scroll of amnesia {unknown}
Potions
 f - a potion of cancellation
 n - a potion of curing {@q1 !q}
 q - a potion of heal wounds {unknown}
 t - a potion of lignification {@q6}
 B - a potion of mutation {unknown}
 C - a potion of haste {unknown}
Comestibles
 e - 5 rations {!d}


   Skills:
 * Level 4.5 Fighting
 - Level 2.6 Dodging
 - Level 3.0 Stealth
 * Level 4.0 Unarmed Combat
   Level 2.6 Invocations


You had 4 spell levels left.
You didn't know any spells.
Your spell library was empty.

Dungeon Overview and Level Annotations

Branches:
Dungeon (4/12)
 Temple: D:4-7

Altars:
Nemelex Xobeh
Trog


Innate Abilities, Weirdness & Mutations

You have a pair of small horns on your head.
You have a somewhat thin skeletal structure. (Dex +2, Stealth)
You are partially covered in sharp spines.


Message History

You hit the dart slug.
The dart slug is moderately wounded.
The dart slug closely misses you.
You hit the dart slug. You punch the dart slug.
You kill the dart slug!
No target in view!
No target in view!
No target in view!
No target in view!
No target in view!
No target in view!
No target in view!
No target in view!
No target in view!
You butcher the dart slug corpse.
z - 2 chunks of flesh Eating one of 2 chunks of flesh.
You eat one of the 2 chunks of flesh.
This raw flesh tastes terrible.
v - 590 arrows (gained 191)
You see here a club.
Partly explored, can't reach some places.
Partly explored, can't reach some places.
Partly explored, can't reach some places.
Partly explored, can't reach some places.
Search for what [Enter for "."]? .
Unknown command.
Unknown command.
Partly explored, can't reach some places.
Search for what [Enter for "."]?
Okay, then.
Unknown command.
(D) Dungeon
Where to? (Enter - D:3, ? - help) All of the chunks of flesh in your inventory have rotted away.
Things that are here:
a +0 hand axe; a +0 ring mail
Things that are here:
a +0 morningstar; an uncursed ring of resist corrosion
There is a stone staircase leading down here.
You climb downwards.
Near the exit of the stairs, a rune flashes!
You stop descending the stairs.
Your surroundings suddenly seem different.
A sky beast comes into view.
Found 25 gold pieces.
A sky beast is nearby!
a - a +0 blowgun (weapon)
Firing (i - inventory. (/) - cycle)
d - 115 poisoned needles (quivered)
Press: ? - help, Shift-Dir - straight line, f - sky beast
Aim: a sky beast (resting)
You shoot a poisoned needle. The poisoned needle hits the sky beast.
The sky beast is poisoned.
The sky beast is struck by your spines. The sky beast misses you.
Firing (i - inventory. (/) - cycle)
d - 114 poisoned needles (quivered)
Press: ? - help, Shift-Dir - straight line, f/p - sky beast
Aim: a sky beast (lightly wounded, poisoned)
You shoot a poisoned needle.
The poisoned needle closely misses the sky beast.
The sky beast barely misses you.
Firing (i - inventory. (/) - cycle)
d - 113 poisoned needles (quivered)
Press: ? - help, Shift-Dir - straight line, f/p - sky beast
Aim: a sky beast (lightly wounded, poisoned)
You shoot a poisoned needle. The poisoned needle hits the sky beast.
The sky beast looks more poisoned.
The sky beast is lightly wounded.
The sky beast is struck by your spines. The sky beast hits you.
The sky beast shocks you.
Firing (i - inventory. (/) - cycle)
d - 112 poisoned needles (quivered)
Press: ? - help, Shift-Dir - straight line, f/p - sky beast
Aim: a sky beast (moderately wounded, poisoned)
You shoot a poisoned needle. The poisoned needle hits the sky beast.
The sky beast looks more poisoned.
The sky beast is moderately wounded.
The sky beast closely misses you.
Firing (i - inventory. (/) - cycle)
d - 111 poisoned needles (quivered)
Press: ? - help, Shift-Dir - straight line, f/p - sky beast
Aim: a sky beast (moderately wounded, poisoned)
You shoot a poisoned needle. The poisoned needle hits the sky beast.
The sky beast looks more poisoned.
The sky beast is moderately wounded.
The sky beast barely misses you.
Firing (i - inventory. (/) - cycle)
d - 110 poisoned needles (quivered)
Press: ? - help, Shift-Dir - straight line, f/p - sky beast
Aim: a sky beast (moderately wounded, poisoned)
You shoot a poisoned needle. The poisoned needle hits the sky beast!
The sky beast looks more poisoned.
The sky beast is moderately wounded.
The sky beast is struck by your spines. The sky beast misses you.
The sky beast flickers out of sight!
Deactivating autopickup; reactivate with Ctrl-A.
Reactivating autopickup.
Training target 3.0 for Stealth reached!
Your Stealth skill increases to level 3!
Your Unarmed Combat skill increases to level 4!
You have reached level 5!
Your demonic ancestry asserts itself...
A pair of horns grows on your head!
You feel a bit more experienced.
You now have 281 gold pieces (gained 25).
Are you sure you want to abandon this character and quit the game? (Confirm with "yes".)

###### #####....#
........###
######.#......####
#.................
#....@...........
#####.###........
#.# ####...## #.#
#..# #.# .. ### .


There were no monsters in sight!

Vanquished Creatures
  A sky beast (D:4)
  An adder (D:3)
  An ooze (D:1)
  A worm (D:3)
  2 dart slugs
  10 leopard geckos
  2 orcs (D:3)
  2 ball pythons
  2 giant cockroaches (D:2)
  3 goblins
  6 hobgoblins
  6 jackals
  6 kobolds
  4 bats
  2 frilled lizards
  6 rats
55 creatures vanquished.

Notes
Turn   | Place    | Note
-------+----------+-------------------------------------------
     0 | D:1      | MisterOstroum the Demonspawn Monk began the quest for the
                  | Orb.
     0 | D:1      | Reached XP level 1. HP: 18/18 MP: 2/2
   282 | D:1      | Gained mutation: You have a somewhat thin skeletal
                  | structure. (Dex +2, Stealth) [demonic ancestry]
   282 | D:1      | Reached XP level 2. HP: 23/24 MP: 4/4
   738 | D:1      | Reached XP level 3. HP: 19/29 MP: 5/5
  1382 | D:2      | Found a sparkling altar of Nemelex Xobeh.
  2376 | D:3      | Gained mutation: You are partially covered in sharp spines.
                  | [demonic ancestry]
  2376 | D:3      | Reached XP level 4. HP: 32/37 MP: 4/6
  2661 | D:3      | Found a bloodstained altar of Trog.
  3268 | D:4      | Noticed a sky beast
  3282 | D:4      | Killed a sky beast
  3282 | D:4      | Gained mutation: You have a pair of small horns on your
                  | head. [demonic ancestry]
  3282 | D:4      | Reached XP level 5. HP: 36/43 MP: 5/7
  3288 | D:4      | Quit the game

Skill      XL: |  1  2  3  4 |
---------------+-------------+-----
Unarmed Combat | 3 4 |  4.0
Fighting       | 4 |  4.5
Stealth        | 3 |  3.0
Dodging        | |  2.6
Invocations    | |  2.6

Action                   |  1- 3 |  4- 6 || total
-------------------------+-------+-------++-------
Melee: Unarmed           |   176 |    20 ||   196
       Punch             |     3 |     1 ||     4
 Fire: Blowgun           |       |    14 ||    14
Throw: Stone             |     3 |     2 ||     5
  Use: Scroll            |     4 |       ||     4
 Stab: Sleeping          |    14 |     2 ||    16
  Eat: Chunk             |     4 |     3 ||     7
Armor: Robe              |    33 |       ||    33
Dodge: Dodged            |    89 |    18 ||   107
